 Dungeon Crawl Stone Soup version 0.20-a0-787-g4ba4951 (webtiles) character file.

282 SerRandom the Cudgeler (level 6, -4/38 (48) HPs)
             Began as a Demonspawn Berserker on Feb 28, 2017.
             Was a Believer of Jiyva.
             Slain by acidosis4's ghost (6 damage)
             ... on level 4 of the Dungeon.
             The game lasted 00:24:31 (4566 turns).

SerRandom the Cudgeler (Demonspawn Berserker)       Turns: 4566, Time: 00:24:33

HP:   -4/38 (48)    AC: 10    Str: 19    XL:     6   Next: 6%
MP:   4/6           EV:  8    Int:  8    God:    Jiyva [**....]
Gold: 98            SH:  4    Dex: 13    Spells: 5/5 levels left

rFire    . . .     SeeInvis .   e - +0 flail
rCold    . . .     Gourm    .   k - +0 chain mail
rNeg     . . .     Faith    .   m - +0 buckler
rPois    .         Spirit   .   (helmet restricted)
rElec    .         Reflect  .   (no cloak)
rCorr    .         Harm     .   p - +0 pair of gloves
MR       .....     Rnd*Rage +   (no boots)
Stlth    ..........             (no amulet)
Regen    0.2/turn               (no ring)
MPRegen  0.1/turn               (no ring)

@: no status effects
A: claws 2, horns 1, talons 2, berserk 1, mutation resistance 1
a: Request Jelly, Renounce Religion


You were on level 4 of the Dungeon.
You worshipped Jiyva.
Jiyva was pleased with you.
You were not hungry.

You visited 1 branch of the dungeon, and saw 4 of its levels.

You collected 98 gold pieces.

Inventory:

Hand Weapons
 a - a +1 mace
 b - a +0 mace
 d - a +0 mace
 e - a +0 flail (weapon)
 s - a +0 mace
 u - a +2 mace of holy wrath
 v - a +0 mace
 w - a +0 mace
Missiles
 g - 86 stones
 h - 19 bolts
 j - 51 arrows
 r - 2 needles of sleeping
 t - 19 poisoned needles (quivered)
Armour
 k - a +0 chain mail (worn)
 l - a +0 scale mail
 m - a +0 buckler (worn)
 p - a +0 pair of gloves (worn)
Scrolls
 f - 2 scrolls of recharging
 n - a scroll of enchant armour
 o - 2 scrolls of teleportation
 q - a scroll of blinking
Comestibles
 c - 2 bread rations
 i - a meat ration
 x - a chunk of flesh


   Skills:
 + Level 3.7 Fighting
 + Level 4.1 Maces & Flails
 + Level 0.5 Throwing
 + Level 3.1 Armour
 + Level 2.8 Dodging
 + Level 0.8 Stealth
 + Level 1.2 Shields


You had 5 spell levels left.
You didn't know any spells.

Dungeon Overview and Level Annotations

Branches:
Dungeon (4/15)
 Temple: D:4-7

Altars:
Cheibriados
Jiyva

Annotations:
D:4 acidosis4's ghost, weakling GrBe


Innate Abilities, Weirdness & Mutations

You have very sharp fingernails.
You have a pair of small horns on your head.
You have razor-sharp toenails.
You tend to lose your temper in combat.
You are somewhat resistant to further mutation.


Message History

Acidosis4's ghost hits you.
* * * LOW HITPOINT WARNING * * *
You hit acidosis4's ghost. Your kick misses acidosis4's ghost.
Acidosis4's ghost is moderately damaged.
The hound bites you.
* * * LOW HITPOINT WARNING * * *
The howler monkey hoots and howls with incredible vigour!
The howler monkey barely misses you. The orc closely misses you.
The frilled lizard bites you but does no damage.
The hound bites you but does no damage. The howler monkey barely misses you.
Acidosis4's ghost completely misses you.
You hear an angry hiss.
You miss acidosis4's ghost.
You claw acidosis4's ghost, but do no damage.
Acidosis4's ghost is moderately damaged.
The hound barely misses you.
The howler monkey hits you but does no damage.
The orc hits you but does no damage. You block the frilled lizard's attack.
The howler monkey barely misses you. Acidosis4's ghost hits you.
You die...

#.........#
#.......!.#
#..........
..........
#........#
#......O.# .
#.....lW.###...
.....oh@h......
#.....ho.###...
##########


You could see an ogre, 2 howler monkeys, a hound, acidosis4's ghost, 2 orcs and
a frilled lizard.

Vanquished Creatures
  A howler monkey (D:4)
  An orc wizard (D:3)
  Terence (D:3)
  6 adders
  6 worms
  3 dart slugs
  A leopard gecko (D:1)
  7 orcs
  3 giant cockroaches
  6 hobgoblins
  8 kobolds
  2 quokkas (D:2)
  2 ball pythons (D:2)
  14 bats
  6 frilled lizards
  6 goblins
  5 rats
  3 fungi (D:3)
81 creatures vanquished.

Vanquished Creatures (others)
  Crazy Yiuf (D:3)
  An orc (D:3)
  A goblin (D:3)
  A rat (D:3)
4 creatures vanquished.

Grand Total: 85 creatures vanquished

Notes
Turn   | Place    | Note
-------+----------+-------------------------------------------
     0 | D:1      | SerRandom the Demonspawn Berserker began the quest for the Orb.
     0 | D:1      | Reached XP level 1. HP: 18/18 MP: 1/1
   141 | D:1      | Gained mutation: You have sharp toenails. [demonic ancestry]
   141 | D:1      | Reached XP level 2. HP: 5/24 MP: 2/2
   613 | D:1      | Reached skill level 3 in Maces & Flails
  1044 | D:1      | Gained mutation: You have razor-sharp toenails. [demonic ancestry]
  1044 | D:1      | Reached XP level 3. HP: 28/29 MP: 3/3
  1612 | D:2      | Reached ** piety under Trog
  1892 | D:2      | Gained mutation: You have sharp fingernails. [demonic ancestry]
  1892 | D:2      | Reached XP level 4. HP: 20/35 MP: 4/4
  2965 | D:3      | Gained mutation: You tend to lose your temper in combat. [potion of mutation]
  2965 | D:3      | Gained mutation: You are somewhat resistant to further mutation. [potion of mutation]
  3249 | D:3      | Noticed Terence
  3265 | D:3      | Killed Terence
  3265 | D:3      | Gained mutation: You have very sharp fingernails. [demonic ancestry]
  3265 | D:3      | Reached XP level 5. HP: 41/41 MP: 5/5
  3316 | D:3      | Found a snail-covered altar of Cheibriados.
  3766 | D:3      | Reached skill level 1 in Shields
  4025 | D:3      | Found a faded altar of an unknown god.
  4037 | D:3      | Fell from the grace of Trog
  4037 | D:3      | Became a worshipper of Jiyva Jaobyeni the Shapeless
  4037 | D:3      | Reached * piety under Jiyva
  4125 | D:3      | Found a runed door.
  4140 | D:3      | Noticed Crazy Yiuf
  4152 | D:3      | Killed Crazy Yiuf
  4419 | D:3      | Reached ** piety under Jiyva
  4540 | D:4      | Reached skill level 4 in Maces & Flails
  4540 | D:4      | Gained mutation: You have a pair of small horns on your head. [demonic ancestry]
  4540 | D:4      | Reached XP level 6. HP: 38/38 MP: 6/6
  4557 | D:4      | Noticed acidosis4's ghost (weakling GrBe)
  4565 | D:4      | HP: 1/38 [hound (3)]
  4566 | D:4      | Slain by acidosis4's ghost

Vault maps used:
D:1:      minmay_arrival_split_and_join
D:2:      first_bread, due_unseen_surprise
D:3:      lemuel_doored_altar, chequers_ecumenical_altar_simple, uniq_terence,
          uniq_crazy_yiuf_cottage
D:4:      cheibrodos_greedy_goblins, minmay_temple_entry_nine_rooms,
          serial_shops, kennysheep_mini_moat,
          nicolae_ossuary_entry_false_entrances

Skill      XL: |  1  2  3  4  5 |
---------------+----------------+-----
Armour         | 2 3 |  3.1
Maces & Flails | 3 4 |  4.1
Dodging        | 2 |  2.8
Shields        | 1 |  1.2
Fighting       | |  3.7
Throwing       | |  0.5
Stealth        | |  0.8

Action                   |  1- 3 |  4- 6 || total
-------------------------+-------+-------++-------
Melee: Mace              |   122 |    46 ||   168
       Kick              |    28 |    67 ||    95
       Dagger            |       |    75 ||    75
       Flail             |       |   107 ||   107
       Headbutt          |       |     2 ||     2
Throw: Stone             |    17 |     6 ||    23
Invok: Berserk           |     1 |     2 ||     3
       Trog's Hand       |     1 |     1 ||     2
       Request Jelly     |       |     2 ||     2
  Use: Scroll            |     4 |     3 ||     7
       Potion            |       |     8 ||     8
 Stab: Invisible         |       |     1 ||     1
  Eat: Chunk             |     4 |    10 ||    14
       Bread ration      |       |     1 ||     1
Armor: Animal skin       |    15 |       ||    15
       Chain mail        |   205 |   257 ||   462
Dodge: Dodged            |   164 |   169 ||   333
Block: Buckler           |    11 |    60 ||    71
